[Event "42nd Olympiad Baku 2016 Women"]
[Site "Baku"]
[Date "2016.09.03"]
[Round "2.11"]
[White "Saric, Kristina"]
[Black "Zhylkaidarova, Sholpan"]
[Result "0-1"]
[ECO "C06"]
[WhiteElo "2201"]
[BlackElo "2162"]
[Annotator ""]
[PlyCount "104"]
[EventDate "2016.??.??"]
[EventCountry "AZE"]
[SourceTitle "playchess.com"]
[Source "ChessBase"]
[WhiteTeam "Croatia"]
[BlackTeam "Kazakhstan"]
[WhiteTeamCountry "CRO"]
[BlackTeamCountry "KAZ"]
[TimeControl "40/5400+30:1800+30"]

1. e4 {(00:00)} e6 {(00:31)} 2. d4 {(00:00)} d5 {(
00:17)} 3. Nd2 {(00:00)} Nf6 {(01:43)} 4. e5 {(00:13)}
Nfd7 {(00:07)} 5. Bd3 {(00:13)} c5 {(00:36)} 6. c3 {
(00:10)} Nc6 {(00:32)} 7. Ne2 {(00:16)} cxd4 {(01:
08)} 8. cxd4 {(00:09)} f6 {(00:50)} 9. exf6 {(00:31)} Nxf6
{(00:39)} 10. Nf3 {(00:43)} Bd6 {(00:43)} 11. O-O {
(01:18)} O-O {(00:39)} 12. Bf4 {(03:29)} Bxf4 {(01:
44)} 13. Nxf4 {(03:02)} Ne4 {(02:29)} 14. g3 {(13:24)} g5
{(06:02)} 15. Nh5 {(09:31)} Bd7 {(04:06)} 16. Ne5 {
(13:49)} Be8 {(02:20)} 17. Nxc6 {(03:48)} bxc6 {(
00:52)} 18. f4 {(09:51)} Qb6 {(09:27)} 19. Bxe4 {(02:52)}
dxe4 {(00:13)} 20. Kh1 {(01:04)} Rd8 {(07:08)} 21. Qg4 {
(02:29)} Rf5 {(00:45)} 22. fxg5 {(02:18)} Bxh5 {(
02:03)} 23. Qxh5 {(00:06)} Qb5 {(10:17)} 24. Rxf5 {(08:27]
} Qxf5 {(00:09)} 25. Rd1 {(01:18)} Rxd4 {(13:24)} 26. Qe8+
Kg7 {(00:12)} 27. Qe7+ {(06:47)} Kg6 {(01:27)} 28. Re1 {
(02:00)} Rd2 {(06:55)} 29. Qf6+ {(00:51)} Qxf6 {(
00:41)} 30. gxf6 {(00:03)} Kxf6 {(02:20)} 31. Rxe4 {(00:
14)} Rxb2 {(00:11)} 32. Ra4 {(00:14)} Rb7 {(00:20)} 33.
Kg2 {(02:20)} Ke5 {(01:02)} 34. Kf3 {(03:01)} Kd5 {
(04:42)} 35. Ke3 {(00:34)} c5 {(01:48)} 36. Kd3 {(
00:57)} Rc7 {(02:43)} 37. Rc4 {(01:15)} e5 {(02:11)} 38.
Rh4 {(02:39)} Rf7 {(03:02)} 39. Ra4 {(02:44)} Rd7 {
(04:34)} 40. Rh4 {(00:00)} Rc7 {(00:00)} 41. Rc4 {(
02:57)} Rf7 {(07:58)} 42. Rh4 {(00:27)} c4+ {(04:53)} 43.
Rxc4 {(05:28)} Rf3+ {(00:21)} 44. Ke2 {(00:03)} Kxc4 {
(05:57)} 45. Kxf3 {(00:04)} Kd3 {(00:03)} 46. Kf2 {
(00:52)} Kd2 {(00:50)} 47. Kf3 {(00:13)} Kd3 {(00:
04)} 48. Kf2 {(00:11)} e4 {(00:15)} 49. Ke1 {(00:17)} Ke3
{(00:07)} 50. g4 {(10:11)} Kf4 {(02:45)} 51. Kf2 {(
00:22)} Kxg4 {(00:12)} 52. Ke3 {(00:03)} Kf5 {(03:15)} 0-1

[Event "42nd Olympiad Baku 2016 Women"]
[Site "Baku"]
[Date "2016.09.03"]
[Round "2.24"]
[White "Saumy, Zainab"]
[Black "Nunez Gonzalez, Neeshmy"]
[Result "1-0"]
[ECO "B01"]
[WhiteElo "1688"]
[BlackElo "1833"]
[Annotator ""]
[PlyCount "39"]
[EventDate "2016.??.??"]
[EventCountry "AZE"]
[SourceTitle "playchess.com"]
[Source "ChessBase"]
[WhiteTeam "Sri Lanka"]
[BlackTeam "Costa Rica"]
[WhiteTeamCountry "SRI"]
[BlackTeamCountry "CRI"]
[TimeControl "40/5400+30:1800+30"]

1. e4 {(00:00)} d5 {(00:03)} 2. exd5 {(00:53)} Qxd5 {
(00:07)} 3. d4 {(00:42)} Nf6 {(00:40)} 4. c4 {(00:
23)} Qd6 {(04:09)} 5. Nc3 {(00:42)} a6 {(00:13)} 6. Nf3 {
(00:52)} Nc6 {(04:31)} 7. Be2 {(02:21)} Bg4 {(06:
10)} 8. Be3 {(02:42)} O-O-O {(10:25)} 9. d5 {(05:51)} Bxf3
10. Bxf3 {(01:05)} Ne5 {(27:40)} 11. c5 {(04:27)} Nxf3+ {
(05:56)} 12. Qxf3 {(00:23)} Qe5 {(01:54)} 13. O-O-O {
(03:46)} Qh5 {(04:56)} 14. Qf4 {(04:38)} Nxd5 {(14:
16)} 15. Nxd5 {(00:47)} Rxd5 {(02:11)} 16. Rxd5 {(00:03)}
Qxd5 {(00:08)} 17. Rd1 {(00:08)} e5 {(05:51)} 18. Qh4 {
(02:07)} g5 {(02:24)} 19. Qxg5 {(02:53)} Qc4+ {(00:
30)} 20. Kb1 1-0

[Event "42nd Olympiad Baku 2016 Women"]
[Site "Baku"]
[Date "2016.09.03"]
[Round "2.20"]
[White "Secopito, Catherine"]
[Black "Melia, Salome"]
[Result "1-0"]
[ECO "E24"]
[WhiteElo "2119"]
[BlackElo "2419"]
[Annotator ""]
[PlyCount "115"]
[EventDate "2016.??.??"]
[EventCountry "AZE"]
[SourceTitle "playchess.com"]
[Source "ChessBase"]
[WhiteTeam "Philippines"]
[BlackTeam "Georgia"]
[WhiteTeamCountry "PHI"]
[BlackTeamCountry "GEO"]
[TimeControl "40/5400+30:1800+30"]

1. d4 {(00:00)} Nf6 {(00:00)} 2. c4 {(00:06)} e6 {(
00:00)} 3. Nc3 {(00:46)} Bb4 {(00:15)} 4. a3 {(00:38)}
Bxc3+ {(00:12)} 5. bxc3 {(00:09)} b6 {(05:02)} 6. Nf3 {
(03:04)} Ba6 {(03:17)} 7. e3 {(04:22)} Nc6 {(02:05]
} 8. Qc2 {(05:52)} Na5 {(02:29)} 9. Nd2 {(01:03)} O-O {
(03:14)} 10. Bd3 {(01:07)} Qe7 {(14:17)} 11. a4 {(
07:31)} c5 {(04:00)} 12. Ba3 {(07:56)} d6 {(02:42)} 13.
O-O {(00:21)} cxd4 {(06:30)} 14. cxd4 {(03:40)} Rfc8 {
(01:33)} 15. Rfc1 {(10:46)} Qd7 {(04:29)} 16. Bb4 {
(12:04)} Nxc4 {(14:57)} 17. Bxc4 {(05:04)} Bxc4 {(
00:24)} 18. Nxc4 {(00:08)} d5 {(00:11)} 19. Qe2 {(08:14)}
dxc4 {(00:47)} 20. Rxc4 {(00:12)} Rxc4 {(04:04)} 21. Qxc4
{(01:43)} Rc8 {(00:36)} 22. Qe2 {(04:12)} Nd5 {(01:
58)} 23. Be1 {(02:44)} f5 {(00:56)} 24. h3 {(05:49)} Qc6 {
(02:09)} 25. g4 {(04:11)} Nf6 {(04:11)} 26. f3 {(
01:23)} Qd5 {(00:56)} 27. Rb1 {(01:40)} fxg4 {(04:22)} 28.
hxg4 {(00:24)} Rc4 {(00:37)} 29. a5 {(02:43)} b5 {(
02:03)} 30. e4 {(01:57)} Qc6 {(06:13)} 31. g5 {(01:29)}
Nh5 {(06:57)} 32. Qh2 {(00:59)} Rc1 {(03:44)} 33. Rxc1 {
(03:05)} Qxc1 {(00:05)} 34. Qd2 {(00:33)} Qc4 {(01:
09)} 35. d5 {(00:42)} exd5 {(00:32)} 36. exd5 {(00:22)}
Nf4 {(00:31)} 37. d6 {(00:39)} Ne6 {(00:32)} 38. d7 {
(00:39)} Nd8 {(00:28)} 39. Bf2 {(00:35)} b4 {(00:
30)} 40. Qe3 {(00:00)} Qe6 {(00:00)} 41. Qxa7 {(10:57)}
Kf7 {(07:26)} 42. Qc7 {(03:33)} Qe7 {(05:06)} 43. Qf4+ {
(03:09)} Ke6 {(07:45)} 44. a6 {(03:04)} Nc6 {(03:
48)} 45. a7 {(04:52)} Nxa7 {(01:25)} 46. Bxa7 {(00:13)}
Kxd7 {(00:21)} 47. Qe3 {(01:10)} Qxe3+ {(03:17)} 48. Bxe3
{(00:08)} Ke6 {(00:03)} 49. Kf2 {(06:13)} Kf5 {(00:
18)} 50. Ke2 {(00:31)} Kg6 {(02:47)} 51. Kd3 {(00:33)} h5
{(01:18)} 52. gxh6 {(00:20)} gxh6 {(00:02)} 53. Bf4 {
(00:38)} h5 {(01:15)} 54. Kc4 {(00:26)} Kf5 {(00:
33)} 55. Bg3 {(00:51)} h4 {(00:51)} 56. Bh2 {(00:05)} Ke6
{(02:07)} 57. Kxb4 {(00:10)} Kd5 {(00:03)} 58. Kc3 {
(00:05)} 1-0

[Event "42nd Olympiad Baku 2016 Women"]
[Site "Baku"]
[Date "2016.09.03"]
[Round "2.17"]
[White "Shahudha, Mohammed"]
[Black "Hernandez, Bera"]
[Result "0-1"]
[ECO "C50"]
[WhiteElo "1022"]
[BlackElo "1808"]
[Annotator ""]
[PlyCount "42"]
[EventDate "2016.??.??"]
[EventCountry "AZE"]
[SourceTitle "playchess.com"]
[Source "ChessBase"]
[WhiteTeam "Maldives"]
[BlackTeam "El Salvador"]
[WhiteTeamCountry "MDV"]
[BlackTeamCountry "ESA"]
[TimeControl "40/5400+30:1800+30"]

1. e4 e5 2. Nf3 Nc6 3. Bc4 {(01:03)} Bc5 {(00:56)} 4. O-O Nf6 5.
Nc3 d6 6. Ng5 O-O 7. d3 h6 8. Nf3 Bg4 9. h3 Bh5 10. Qe1 Bxf3 11. gxf3 Nd4 12.
Qe3 Nxc2 13. Qd2 {(33:22)} Nxa1 {(11:01)} 14. b3 Nh5 15. Qb2 Nxb3
16. Qxb3 Qh4 17. Nd1 Qxh3 18. f4 Ng3 19. Bxf7+ {(45:07)} Rxf7 {(
04:54)} 20. Qxf7+ Kxf7 21. Ne3 {(03:51)} Qh1# {(01:35)} 0-1

[Event "42nd Olympiad Baku 2016 Women"]
[Site "Baku"]
[Date "2016.09.03"]
[Round "2.21"]
[White "Shamima, Akter Liza"]
[Black "Pham, Le Thao Nguyen"]
[Result "0-1"]
[ECO "B43"]
[WhiteElo "2129"]
[BlackElo "2338"]
[Annotator ""]
[PlyCount "142"]
[EventDate "2016.??.??"]
[EventCountry "AZE"]
[SourceTitle "playchess.com"]
[Source "ChessBase"]
[WhiteTeam "Bangladesh"]
[BlackTeam "Vietnam"]
[WhiteTeamCountry "BAN"]
[BlackTeamCountry "VIE"]
[TimeControl "40/5400+30:1800+30"]

1. e4 {(00:00)} c5 {(01:17)} 2. Nf3 {(00:23)} e6 {(
00:27)} 3. d4 {(00:39)} cxd4 {(00:28)} 4. Nxd4 {(00:06)}
a6 {(00:36)} 5. Nc3 {(00:54)} Qc7 {(01:24)} 6. Bd3 {
(08:36)} Nc6 {(05:43)} 7. Nxc6 {(06:30)} dxc6 {(04:
11)} 8. Be3 {(04:15)} Nf6 {(01:20)} 9. O-O {(01:28)} e5 {
(03:46)} 10. f3 {(13:33)} Be7 {(11:36)} 11. a4 {(
02:45)} a5 {(01:35)} 12. Bc4 {(03:51)} O-O {(06:37)} 13.
Qe2 {(00:37)} Bd6 {(13:11)} 14. Kh1 {(17:58)} Nd7 {
(06:54)} 15. Rad1 {(18:08)} b6 {(04:24)} 16. Rd2 {(
02:58)} Bc5 {(03:26)} 17. Bg5 {(03:01)} h6 {(06:27)} 18.
Bh4 {(01:48)} Bb4 {(02:15)} 19. Qf2 {(02:28)} Nc5 {
(03:07)} 20. Qg3 {(01:29)} Kh8 {(02:15)} 21. Rfd1 {
(02:57)} Ne6 {(05:21)} 22. Qe1 {(02:43)} f6 {(04:
41)} 23. Bf2 {(00:58)} Rb8 {(01:15)} 24. Be3 {(01:27)} Nc5
{(03:39)} 25. Qh4 {(00:57)} Kh7 {(00:29)} 26. f4 {(
01:21)} Bxc3 {(02:18)} 27. bxc3 {(00:02)} Nxe4 {(01:01)}
28. Bd3 {(01:32)} f5 {(00:30)} 29. fxe5 {(00:29)} Nxd2 {
(00:44)} 30. Rxd2 {(00:20)} Be6 {(00:28)} 31. g4 {(
00:42)} Qxe5 {(01:25)} 32. Qe1 {(00:31)} Kh8 {(00:51)} 33.
Re2 {(00:20)} Bd5+ {(01:30)} 34. Kg1 {(00:06)} Bf3 {
(00:37)} 35. Bd4 {(00:31)} Qf4 {(00:17)} 36. Re7 {(
00:57)} Qxg4+ {(00:16)} 37. Qg3 {(00:20)} Qxg3+ {(00:48)}
38. hxg3 {(00:01)} Rg8 {(00:13)} 39. Re6 {(00:24)} Rge8 {
(01:25)} 40. Rxh6+ {(00:00)} Kg8 {(00:00)} 41. Bc4+ {
(15:00)} Bd5 {(03:27)} 42. Bxd5+ {(01:21)} cxd5 {(
00:04)} 43. Rg6 {(00:10)} Rb7 {(01:08)} 44. Kf2 {(01:27)}
Ree7 {(03:27)} 45. Rd6 {(13:09)} Red7 {(01:30)} 46. Rxd7 {
(03:15)} Rxd7 {(00:07)} 47. Bxb6 {(00:02)} Rb7 {(
02:02)} 48. Bxa5 {(00:56)} Ra7 {(00:08)} 49. Bb4 {(00:34)}
Rxa4 {(00:06)} 50. Ke3 {(00:09)} Kf7 {(00:08)} 51. Kf4 {
(00:49)} Ke6 {(00:09)} 52. Kg5 {(00:19)} Ra2 {(00:
47)} 53. Bf8 {(00:38)} Kf7 {(00:49)} 54. Bb4 {(00:17)} g6
{(00:15)} 55. g4 {(00:46)} fxg4 {(00:23)} 56. Kxg4 {
(00:08)} Rxc2 {(00:10)} 57. Kf4 {(00:12)} Ke6 {(00:
40)} 58. Ba5 {(01:03)} Rf2+ {(02:07)} 59. Kg5 {(00:35)}
Rg2+ {(00:15)} 60. Kf4 {(00:10)} g5+ {(00:42)} 61. Kf3 {
(00:11)} Ra2 {(00:13)} 62. Bd8 {(00:42)} Kf5 {(00:
12)} 63. Bb6 {(00:54)} g4+ {(01:11)} 64. Ke3 {(00:18)} Ra6
{(01:51)} 65. Bd4 {(00:43)} Re6+ {(00:21)} 66. Kf2 {
(00:04)} Rh6 {(00:24)} 67. Kg2 {(00:35)} Rh3 {(00:
11)} 68. Bg7 {(00:22)} Ke4 {(00:10)} 69. Bf6 {(00:23)} Kd3
{(00:12)} 70. Be5 {(00:41)} Kc2 {(00:08)} 71. Bd4 {
(00:35)} Rxc3 {(00:31)} 0-1

[Event "42nd Olympiad Baku 2016 Women"]
[Site "Baku"]
[Date "2016.09.03"]
[Round "2.21"]
[White "Shvayger, Yuliya"]
[Black "Ramirez, Maria Eugenia"]
[Result "1-0"]
[ECO "C47"]
[WhiteElo "2408"]
[BlackElo "2104"]
[Annotator ""]
[PlyCount "95"]
[EventDate "2016.??.??"]
[EventCountry "AZE"]
[SourceTitle "playchess.com"]
[Source "ChessBase"]
[WhiteTeam "Israel"]
[BlackTeam "Bolivia"]
[WhiteTeamCountry "ISR"]
[BlackTeamCountry "BOL"]
[TimeControl "40/5400+30:1800+30"]

1. e4 {(00:00)} e5 {(00:00)} 2. Nf3 {(00:00)} Nc6 {
(00:00)} 3. Nc3 {(00:00)} Nf6 {(00:00)} 4. g3 {(00:
00)} Bb4 {(00:41)} 5. Bg2 {(00:33)} Bxc3 {(01:07)} 6. bxc3
{(03:49)} Nxe4 {(01:20)} 7. Nxe5 {(00:58)} Nxe5 {(
07:54)} 8. Bxe4 {(00:23)} d5 {(00:11)} 9. Bg2 {(00:15)}
Bg4 {(02:43)} 10. f3 {(00:08)} Bf5 {(00:43)} 11. O-O {
(03:41)} O-O {(01:33)} 12. d3 {(02:10)} Re8 {(03:
05)} 13. Rb1 {(04:33)} Rb8 {(02:15)} 14. f4 {(09:20)} Bg4
{(09:10)} 15. Qd2 {(00:06)} Nd7 {(08:03)} 16. f5 {(
00:54)} Qe7 {(23:06)} 17. Qf4 {(01:42)} Be2 {(01:32)} 18.
Re1 {(08:45)} Qc5+ {(09:32)} 19. Qf2 {(03:17)} Qxf2+ {
(06:49)} 20. Kxf2 {(00:02)} Bg4 {(00:08)} 21. Rxb7 {
(20:29)} Rxe1 {(02:56)} 22. Rxb8+ {(00:06)} Nxb8 {(
00:05)} 23. Kxe1 {(00:04)} c6 {(00:08)} 24. c4 {(15:09)}
dxc4 {(00:39)} 25. Bf4 {(00:02)} Na6 {(00:50)} 26. Bd6 {
(00:08)} cxd3 {(04:30)} 27. c3 {(02:30)} Bxf5 {(03:
15)} 28. Bxc6 {(00:10)} Bc8 {(00:05)} 29. Kd2 {(01:32)} g5
{(00:50)} 30. Kxd3 {(00:29)} Kg7 {(00:05)} 31. a3 {
(03:29)} Kf6 {(00:29)} 32. c4 {(00:15)} Ke6 {(01:
23)} 33. c5 {(00:02)} Bd7 {(00:51)} 34. Bb7 {(02:01)} Bb5+
{(00:14)} 35. Kd4 {(00:18)} Kd7 {(00:39)} 36. Ke5 {
(11:26)} g4 {(03:50)} 37. Bd5 {(01:24)} Nc7 {(05:
10)} 38. Bxf7 {(00:42)} Kc6 {(00:55)} 39. Bh5 {(04:06)}
Be2 {(00:15)} 40. Bxc7 {(00:00)} Kxc7 {(00:00)} 41. h3 {
(02:26)} Kc6 {(00:18)} 42. Kd4 {(00:02)} a5 {(03:
57)} 43. Bxg4 {(00:17)} Bf1 {(01:54)} 44. h4 {(02:55)} Bg2
{(01:11)} 45. Be2 {(00:36)} Bh3 {(01:53)} 46. g4 {(
00:09)} Bg2 {(02:34)} 47. g5 {(00:07)} Bh3 {(00:29)} 48.
Bd3 {(01:36] Kd5+ Ke4+} 1-0

[Event "42nd Olympiad Baku 2016 Women"]
[Site "Baku"]
[Date "2016.09.03"]
[Round "2.5"]
[White "Sihite, Chelsie Monica Igne"]
[Black "dos Ramos, Rosangela"]
[Result "1-0"]
[ECO "B75"]
[WhiteElo "2199"]
[BlackElo "1821"]
[Annotator ""]
[PlyCount "63"]
[EventDate "2016.??.??"]
[EventCountry "AZE"]
[SourceTitle "playchess.com"]
[Source "ChessBase"]
[WhiteTeam "Indonesia"]
[BlackTeam "Surinam"]
[WhiteTeamCountry "INA"]
[BlackTeamCountry "SUR"]
[TimeControl "40/5400+30:1800+30"]

1. e4 {(00:00)} c5 {(00:00)} 2. Nf3 {(00:00)} d6 {(
00:00)} 3. d4 {(00:00)} cxd4 {(00:00)} 4. Nxd4 {(00:03)}
Nf6 {(00:00)} 5. Nc3 {(00:10)} g6 {(00:05)} 6. Be3 {
(05:47)} Bg7 {(00:24)} 7. f3 {(00:20)} a6 {(00:15)}
8. Qd2 {(02:43)} Nbd7 {(00:59)} 9. g4 {(07:10)} b5 {
(03:21)} 10. g5 {(04:02)} Nh5 {(08:42)} 11. a4 {(
06:48)} bxa4 {(08:58)} 12. Nxa4 {(03:01)} Bb7 {(01:02)}
13. Be2 {(05:17)} Qc7 {(06:06)} 14. Nb3 {(04:54)} Rc8 {
(10:14)} 15. Na5 {(03:05)} Rb8 {(07:08)} 16. Nxb7 {
(05:50)} Qxb7 {(06:50)} 17. O-O {(01:12)} O-O {(01:
25)} 18. Ra2 {(01:15)} Rfc8 {(06:02)} 19. c3 {(12:11)} Qc6
{(16:16)} 20. f4 {(05:13)} Qxe4 {(05:05)} 21. Bxa6 {
(02:15)} Rc6 {(05:05)} 22. Be2 {(00:19)} Qe6 {(02:
58)} 23. b4 {(07:38)} Qh3 {(09:23)} 24. Bf3 {(07:27)} Rc7
{(00:13)} 25. Qd3 {(02:23)} Qe6 {(00:44)} 26. Bd5 {
(01:23)} Qh3 {(01:08)} 27. Rf3 {(00:53)} Qg4+ {(00:
32)} 28. Rg2 {(00:13)} Qf5 {(00:21)} 29. Qxf5 {(06:33)}
gxf5 {(00:02)} 30. Rh3 {(00:00)} Bxc3 {(01:04)} 31. Rxh5 {
(01:35)} Rxb4 {(00:33)} 32. g6 {(04:12)} 1-0

[Event "42nd Olympiad Baku 2016 Women"]
[Site "Baku"]
[Date "2016.09.03"]
[Round "2.12"]
[White "Silva, Ana Ines Teixeira D"]
[Black "Thapa, Shanta"]
[Result "0-1"]
[ECO "C44"]
[WhiteElo "1855"]
[BlackElo "1693"]
[Annotator ""]
[PlyCount "70"]
[EventDate "2016.??.??"]
[EventCountry "AZE"]
[SourceTitle "playchess.com"]
[Source "ChessBase"]
[WhiteTeam "Portugal"]
[BlackTeam "Nepal"]
[WhiteTeamCountry "POR"]
[BlackTeamCountry "NEP"]
[TimeControl "40/5400+30:1800+30"]

1. e4 {(00:00)} e5 {(00:00)} 2. Nf3 {(00:00)} Nc6 {
(00:00)} 3. d4 {(00:00)} exd4 {(02:30)} 4. Nxd4 {(
00:00)} Qf6 {(03:43)} 5. c3 {(00:37)} Bc5 {(02:05)} 6. Be3
{(00:30)} Qh4 {(03:51)} 7. Nd2 {(06:45)} d6 {(09:
33)} 8. Bc4 {(28:17)} Nf6 {(07:10)} 9. O-O {(01:48)} Nxe4
{(12:52)} 10. Nxc6 {(19:00)} Nxd2 {(09:40)} 11. Bd5 {
(08:01)} Nxf1 {(03:34)} 12. Qxf1 {(02:24)} Qh5 {(
03:21)} 13. Bf3 {(03:30)} Bg4 {(03:30)} 14. Bxc5 {(07:19)}
Bxf3 {(06:26)} 15. Re1+ {(03:06)} Kd7 {(01:47)} 16. Re7+ {
(07:38)} Kxc6 {(02:50)} 17. Bd4 {(02:53)} Bd5 {(03:
46)} 18. b4 {(01:14)} b5 {(01:42)} 19. a4 {(02:20)} a6 {
(00:46)} 20. Qe1 {(02:30)} Qg5 {(02:59)} 21. g3 {(
01:19)} Qg4 {(03:38)} 22. c4 {(00:49)} bxc4 {(02:28)} 23.
b5+ {(00:34)} Kb7 {(04:09)} 24. b6 {(00:45)} Rac8 {
(01:16)} 25. Qb4 {(00:32)} Qd1+ {(01:11)} 26. Re1 {
(00:11)} Qf3 {(00:51)} 27. bxc7+ {(00:41)} Ka8 {(
02:05)} 28. Kf1 {(00:22)} Rhe8 {(01:10)} 29. Be3 {(00:36)}
Qg2+ {(01:27)} 30. Ke2 {(00:06)} Rxe3+ {(01:40)} 31. Kxe3
{(00:06)} Re8+ {(00:20)} 32. Kf4 {(01:31)} Qf3+ {(
00:42)} 33. Kg5 {(00:05)} f6+ {(00:34)} 34. Kh4 {(00:10)}
g5+ {(00:34)} 35. Kh3 {(00:02)} Qh5# {(00:55)} 0-1

[Event "42nd Olympiad Baku 2016 Women"]
[Site "Baku"]
[Date "2016.09.03"]
[Round "2.7"]
[White "Sivarajasingam, Shayanna"]
[Black "Persaud, Yolander"]
[Result "1-0"]
[ECO "B19"]
[WhiteElo "1687"]
[BlackElo "1151"]
[Annotator ""]
[PlyCount "87"]
[EventDate "2016.??.??"]
[EventCountry "AZE"]
[SourceTitle "playchess.com"]
[Source "ChessBase"]
[WhiteTeam "Wales"]
[BlackTeam "Guyana"]
[WhiteTeamCountry "WLS"]
[BlackTeamCountry "GUY"]
[TimeControl "40/5400+30:1800+30"]

1. e4 {(00:00)} c6 {(00:00)} 2. d4 {(00:00)} d5 {(
00:00)} 3. Nc3 {(00:00)} dxe4 {(00:00)} 4. Nxe4 {(00:00)}
Bf5 {(00:00)} 5. Ng3 {(00:00)} Bg6 {(00:10)} 6. h4 {
(00:03)} h6 {(00:24)} 7. Nf3 {(00:05)} Nd7 {(00:16]
} 8. h5 {(00:08)} Bh7 {(00:10)} 9. Bd3 {(00:04)} Bxd3 {
(00:14)} 10. Qxd3 {(00:06)} e6 {(00:13)} 11. Bf4 {(
00:21)} Qa5+ {(00:39)} 12. Bd2 {(00:15)} Bb4 {(00:15)} 13.
Ne4 {(00:58)} Ngf6 {(00:49)} 14. Nd6+ {(00:59)} Ke7 {
(00:33)} 15. Nc4 {(17:23)} Bxd2+ {(03:30)} 16. Nfxd2 {
(00:14)} Qc7 {(03:05)} 17. Qa3+ {(09:24)} c5 {(01:
08)} 18. O-O-O {(06:54)} Rhc8 {(04:19)} 19. Kb1 {(07:36)}
Kf8 {(04:45)} 20. f3 {(12:33)} b5 {(20:38)} 21. dxc5 {
(07:46)} Nxc5 {(09:52)} 22. Ne3 {(20:11)} Rab8 {(
05:31)} 23. b3 {(06:28)} b4 {(05:21)} 24. Qb2 {(00:36)} a5
{(03:50)} 25. Ndc4 {(01:33)} a4 {(03:25)} 26. g4 {(
02:13)} axb3 {(07:02)} 27. cxb3 {(00:23)} Rd8 {(06:05)}
28. Qe5 {(00:56)} Qxe5 {(05:06)} 29. Nxe5 {(00:05)} Rbc8 {
(03:23)} 30. Rhf1 {(04:26)} Ke7 {(01:44)} 31. Rxd8 {
(00:19)} Kxd8 {(01:03)} 32. Nxf7+ {(00:16)} Ke7 {(
00:20)} 33. Ne5 {(00:12)} Ncd7 {(01:10)} 34. Nxd7 {(01:14]
} Nxd7 {(00:53)} 35. Nc4 {(00:12)} Rf8 {(01:29)} 36. Kc2 {
(03:06)} e5 {(00:25)} 37. Nd2 {(00:16)} Nc5 {(00:
41)} 38. Re1 {(00:34)} Kd6 {(00:54)} 39. Nc4+ {(00:17)}
Kd5 {(02:56)} 40. Rxe5+ {(00:00)} Kd4 {(00:00)} 41. Re3 {
(01:34)} g5 {(06:50)} 42. hxg6 {(03:40)} Rg8 {(03:
06)} 43. Re1 {(00:11)} Kd5 {(04:23)} 44. Rd1+ 1-0

[Event "42nd Olympiad Baku 2016 Women"]
[Site "Baku"]
[Date "2016.09.03"]
[Round "2.26"]
[White "Smith, Javanna"]
[Black "Lee, Seyeon"]
[Result "0-1"]
[ECO "B33"]
[WhiteElo "1759"]
[BlackElo "1577"]
[Annotator ""]
[PlyCount "106"]
[EventDate "2016.??.??"]
[EventCountry "AZE"]
[SourceTitle "playchess.com"]
[Source "ChessBase"]
[WhiteTeam "TTO"]
[BlackTeam "Korea"]
[BlackTeamCountry "KOR"]
[TimeControl "40/5400+30:1800+30"]

1. e4 {(00:00)} c5 {(00:00)} 2. Nf3 {(00:00)} Nc6 {
(00:00)} 3. d4 {(00:00)} cxd4 {(00:00)} 4. Nxd4 {(
00:00)} Nf6 {(00:07)} 5. Nc3 {(00:00)} e5 {(00:55)} 6.
Ndb5 {(03:03)} d6 {(00:57)} 7. Bg5 {(03:31)} a6 {(
01:30)} 8. Na3 {(00:06)} b5 {(00:49)} 9. Bxf6 {(03:39)}
gxf6 {(01:55)} 10. Nd5 {(02:07)} Bg7 {(09:23)} 11. Bd3 {
(06:15)} Be6 {(05:52)} 12. c3 {(10:49)} Ne7 {(20:
50)} 13. O-O {(21:27)} Bxd5 {(09:49)} 14. exd5 {(00:12)}
f5 {(03:11)} 15. Nxb5 {(32:14)} axb5 {(04:35)} 16. Bxb5+ {
(00:04)} Kf8 {(00:57)} 17. Qd2 {(01:53)} h5 {(09:
03)} 18. a4 {(01:46)} e4 {(09:15)} 19. c4 {(04:18)} Ng6 {
(03:22)} 20. Ra3 {(03:36)} Be5 {(03:27)} 21. b4 {(
01:29)} Bf4 {(06:03)} 22. Qd1 {(00:46)} Qh4 {(02:29)} 23.
Rh3 {(00:39)} Qg4 {(03:01)} 24. Qxg4 {(00:44)} hxg4 {
(00:23)} 25. Rxh8+ {(00:05)} Nxh8 {(00:07)} 26. Bc6 {
(00:39)} Ra7 {(02:42)} 27. a5 {(00:17)} Ke7 {(00:
53)} 28. Rb1 {(01:24)} Kd8 {(00:49)} 29. b5 {(00:55)} Rxa5
{(01:01)} 30. b6 {(00:04)} Kc8 {(00:16)} 31. b7+ {(
00:13)} Kb8 {(00:07)} 32. Bd7 {(00:08)} Ra7 {(01:12)} 33.
Bxf5 {(00:05)} Rxb7 {(00:18)} 34. Rxb7+ {(00:03)} Kxb7 {
(00:05)} 35. Bxe4 {(00:42)} Ng6 {(00:46)} 36. Bxg6 {
(00:25)} fxg6 {(00:03)} 37. g3 {(01:11)} Bg5 {(00:
26)} 38. Kf1 {(00:05)} Kb6 {(00:07)} 39. f4 {(02:15)} Bf6
{(00:20)} 40. Ke2 {(00:00)} Kc5 {(00:00)} 41. Kd3 {
(01:14)} Bd4 {(00:30)} 42. Ke4 {(00:49)} Bg1 {(01:
46)} 43. f5 {(00:03)} gxf5+ {(00:23)} 44. Kxf5 {(00:06)}
Bxh2 {(00:07)} 45. Kxg4 {(00:23)} Kxc4 {(00:07)} 46. Kf3 {
(00:17)} Kxd5 {(01:27)} 47. g4 {(00:09)} Ke5 {(00:
10)} 48. Ke3 {(00:27)} Bf4+ {(00:11)} 49. Kd3 {(00:20)}
Kf6 {(00:11)} 50. Ke4 {(00:31)} Kg5 {(00:12)} 51. Kd5 {
(00:09)} Kxg4 {(00:12)} 52. Ke6 {(00:06)} Kf3 {(00:
11)} 53. Kd5 {(01:46)} Ke3 {(00:07)} 0-1